Map: Katalyse LE

Players

WOOKIEofDOOM - Winner!

  • Race: Zerg Zerg
  • League: Diamond
  • Spawn Location: 11:00

Empire

  • Race: Zerg Zerg
  • League: Diamond
  • Spawn Location: 5:00

VOD

Have the link to the VOD?

Description

Time

  • Played on: Jan. 5, 2018, 10:13 a.m.
  • Length: 17:17
Show
View Real Time Build Order
Export as new Build Order

WOOKIEofDOOM Zerg - Winner!

Build Orders: Pool Only 

Get SALT Encoding   

  12  0:03  Drone  
  13  0:23  Drone  
  13  0:28  Spawning Pool  
  13  0:31  Drone  
  14  0:49  Overlord  
  14  0:52  Extractor  
  14  0:53  Extractor, Drone  
  14  0:54  Drone  
  14  1:12  Drone x2  
  16  1:31  Drone  
  17  1:37  Lair  
  17  1:43  Drone  
  17  1:46  Drone  
  20  1:54  Drone  
  20  2:03  Spine Crawler  
  20  2:05  Drone  
  20  2:19  Spine Crawler  
  20  2:20  Spine Crawler  
  18  2:30  Drone x2  
  18  2:35  Nydus Network  
  19  3:35  Overlord  
  19  3:36  Overlord x2  
  19  3:54  Spine Crawler  
  19  3:55  Spine Crawler  
  17  3:56  Spine Crawler  
  17  3:57  Spine Crawler x3  
  13  4:20  Spine Crawler  
  12  4:33  Spine Crawler  
  12  4:34  Drone  
  12  4:36  Spine Crawler  
  11  4:44  Drone  
  12  5:16  Spine Crawler  
  11  5:51  Spine Crawler  
  11  5:53  Spine Crawler  
  9  6:02  Spine Crawler x2  
  7  6:29  Spine Crawler  
  7  6:31  Spine Crawler  
  5  6:41  Drone x3  
  8  6:55  Spine Crawler  
  7  7:53  Spire  
  6  8:18  Drone  
  6  8:19  Drone x2  
  9  8:33  Spore Crawler  
  8  8:37  Spore Crawler  
  8  8:38  Queen  
  9  8:57  Drone x3  
  12  9:32  Corruptor  
  12  9:33  Corruptor  
  16  10:14  Drone x2  
Show
View Real Time Build Order
Export as new Build Order

Empire Zerg 

Build Orders: Pool First 

Get SALT Encoding   

  12  0:02  Drone  
  13  0:13  Overlord  
  13  0:17  Drone  
  14  0:32  Drone  
  14  0:33  Drone  
  16  0:38  Drone  
  17  0:46  Spawning Pool  
  16  0:50  Drone  
  17  1:11  Hatchery  
  16  1:14  Drone  
  16  1:17  Drone  
  18  1:21  Extractor  
  17  1:29  Drone x2  
  17  1:30  Extractor  
  18  1:38  Queen  
  20  1:44  Overlord  
  20  1:57  Drone  
  21  2:09  Drone  
  22  2:18  Lair  
  22  2:23  Drone  
  22  2:29  Drone  
  25  2:30  Drone  
  25  2:33  Queen  
  25  2:34  Overlord  
  27  2:55  Drone  
  27  2:56  Drone x4  
  32  3:04  Spine Crawler  
  31  3:08  Spine Crawler, Drone  
  31  3:21  Drone x3  
  34  3:29  Nydus Network  
  33  3:35  Zergling x4  
  33  3:39  Zergling x4  
  33  3:40  Zergling x2  
  38  3:52  Zergling x2  
  38  3:53  Zergling x6  
  42  3:58  Drone  
  43  4:05  Zergling x2  
  43  4:08  Overlord  
  44  4:21  Nydus Canal  
  44  4:31  Zergling x2  
  44  4:32  Zergling x6  
  44  4:33  Queen  
  44  4:35  Nydus Canal  
  48  4:50  Nydus Canal  
  43  4:56  Spine Crawler  
  43  4:58  Spine Crawler  
  43  4:59  Spine Crawler  
  40  5:04  Nydus Canal  
  40  5:16  Drone x3  
  40  5:18  Nydus Canal, Drone  
  44  5:34  Spine Crawler x2  
  42  5:37  Spine Crawler  
  42  5:45  Spine Crawler  
  42  5:47  Drone x6  
  47  6:28  Spine Crawler  
  45  6:40  Drone  
  45  6:41  Drone x5  
  49  6:57  Spine Crawler  
  49  6:58  Spine Crawler  
  49  6:59  Spine Crawler  
  49  7:00  Spine Crawler  
  45  7:04  Spine Crawler  
  44  7:11  Spine Crawler  
  36  7:36  Spine Crawler  
  36  7:49  Spore Crawler  
  36  7:50  Spore Crawler  
  34  7:53  Spine Crawler  
  34  7:56  Nydus Canal  
  33  8:05  Spine Crawler  
  32  8:19  Spine Crawler  
  31  8:21  Spine Crawler x2  
  31  8:23  Spine Crawler x2  
  31  8:25  Spine Crawler  
  26  8:41  Nydus Canal  
  26  8:48  Spine Crawler  
  26  8:49  Spine Crawler  
  26  8:50  Spine Crawler  
  26  8:53  Zergling x12  
  29  8:56  Zergling x2  
  30  10:33  Drone x6  
  36  10:47  Nydus Canal  
  34  11:01  Nydus Canal  
  34  11:12  Spine Crawler  
  34  11:14  Spine Crawler  
  34  11:15  Spine Crawler x2  
  34  11:17  Spine Crawler  
  25  11:50  Overlord  
  23  12:12  Spine Crawler  
  23  12:14  Spine Crawler  
  23  12:15  Spine Crawler  
  20  12:16  Spine Crawler  
  20  12:18  Spine Crawler  
  20  12:19  Spine Crawler  
  20  12:21  Spine Crawler x2  
  8  12:59  Drone  
  7  13:11  Drone  
  8  13:42  Spore Crawler  
  8  13:48  Drone  
  8  13:53  Drone  
  9  14:17  Spore Crawler  
  9  14:19  Spore Crawler  
  7  14:33  Spine Crawler  
  7  14:50  Drone x2  
  9  15:32  Drone  
Tags
 
Add a new tag
Caveats
  • Supply blocks, unpowered buildings, or Contaminate may cause inaccurate times.
  • Supply counts are checked every 10 seconds.